AoeStats
← GOGRICHANIN

Arabian Desert

510156973Analyzed
1v1 RM · 18h ago on Sep 29, 2026· 19m 47s· 2 players
Game mode
Random Map
Map size
Tiny (2 player)
Population
200
Speed
Normal
Resources
Standard
Victory
Conquest
Starting age
Dark Age
Ending age
Imperial Age
RankedLock teamsTeams togetherTeam positionsShared explorationLock speedFull tech treeHidden civsTurbo modeCheats
Victory
Defeat
🇺🇾 Goths · Uruguay
1048
+15
🇰🇿 Ethiopians · Kazakhstan
1024
-15
GOGRICHANIN
8:12 Loom
10:31 Feudal Age
11:34 Double-Bit Axe
13:00 Horse Collar
DrCool
0:25 Loom
10:08 Feudal Age
10:27 Man-at-Arms
13:17 Double-Bit Axe
15:49 Scale Mail Armor
17:56 Forging
17:39 Fletching
19:44 Forging
Connection lost

Rejoining the realm…

Still unreachable

The connection could not be restored.

Session expired

The server has moved on; the page needs a fresh start.